 Dungeon Crawl Stone Soup version 0.20-a0-19-gd4fea00 (webtiles) character file.

72 Guts the Slasher (level 4, -3/33 HPs)
             Began as a Human Gladiator on Nov 6, 2016.
             Slain by a sky beast (5 damage)
             ... on level 3 of the Dungeon.
             The game lasted 00:03:53 (1592 turns).

Guts the Slasher (Human Gladiator)                  Turns: 1592, Time: 00:03:53

Health: -3/33      AC:  8    Str: 16    XL:     4   Next: 50%
Magic:  4/4        EV: 10    Int:  8    God:
Gold:   117        SH:  0    Dex: 14    Spells: 0 memorised, 3 levels left

rFire  + . .     SeeInvis .     a - +1 long sword
rCold  + . .     Gourm    .     s - +1 scale mail {rC+}
rNeg   . . .     Faith    .     (no shield)
rPois  .         Spirit   .     c - +0 helmet
rElec  .         Reflect  .     (no cloak)
rCorr  .         Harm     .     (no gloves)
MR     .....                    (no boots)
Stlth  ..........               k - amulet of inaccuracy (curse)
                                (no ring)
                                g - ring of protection from fire

@: no status effects
A: no striking features
a: no special abilities


You were on level 3 of the Dungeon.
You were not hungry.

You visited 1 branch of the dungeon, and saw 3 of its levels.

You collected 117 gold pieces.

Inventory:

Hand Weapons
 a - a +1 long sword (weapon)
 x - a +0 hand crossbow
Missiles
 d - 3 throwing nets
 e - 50 bolts
 j - a javelin (quivered)
Armour
 b - a +0 leather armour
 c - a +0 helmet (worn)
 l - a +0 ring mail
 s - a +1 scale mail of cold resistance (worn)
Jewellery
 g - a ring of protection from fire (left hand)
 k - a cursed amulet of inaccuracy (around neck)
Wands
 v - a wand of flame (23/48)
Potions
 h - a potion of haste
 i - a potion of degeneration {unknown}
 q - a potion of resistance {unknown}
 r - a potion of curing {unknown}
 u - a potion of heal wounds {unknown}
 w - a potion of ambrosia {unknown}
Comestibles
 f - 3 bread rations
 m - a beef jerky
 n - 3 chunks of flesh
 o - a slice of pizza
 p - 2 royal jellies
 t - 3 fruits


   Skills:
 - Level 2.0 Fighting
 * Level 5.0 Long Blades
 - Level 2.0 Throwing
 - Level 3.0 Dodging


You had 3 spell levels left.
You didn't know any spells.

Dungeon Overview and Level Annotations

Branches:
Dungeon (3/15)

Altars:


Message History

No target in view!
You miss something. Something hits you but does no damage.
You completely miss something. Something hits you. Something shocks you.
You closely miss something. Something hits you. Something shocks you.
* * * LOW HITPOINT WARNING * * *
You completely miss something. Something hits you but does no damage.
You hit something. Something hits you but does no damage.
You completely miss something.
Something hits you but does no damage. x2
Some of the chunks of flesh in your inventory have rotted away.
You barely miss something. Something hits you but does no damage.
You miss something. Something hits you but does no damage.
You miss something. Something hits you but does no damage.
You completely miss something. Something hits you.
* * * LOW HITPOINT WARNING * * *
Something shocks you.
* * * LOW HITPOINT WARNING * * *
You miss something. Something hits you.
* * * LOW HITPOINT WARNING * * *
Something shocks you.
You die...

####***** #..,,,,,*
###**#.#****,*
*****###...##.####*,*
*,,,,(.....{@....#*.#
**,***##....##.##.##.#
*,,,,,(.(..**#.##.##.#
**,,***##.#**
#.......# *,,,****#,*
#.......# *,*,,,,,,,*
#.##.##.#
*,********###
#.##.##.## *,*
###.###.##.)...# *,*
#..#..#.#####..#


There were no monsters in sight!

Vanquished Creatures
  2 adders
  An ooze (D:2)
  A dart slug (D:2)
  5 orcs (D:3)
  2 bats
  5 giant cockroaches
  4 goblins
  6 hobgoblins
  3 jackals (D:2)
  4 kobolds
  8 rats
41 creatures vanquished.

Notes
Turn   | Place    | Note
-------+----------+-------------------------------------------
     0 | D:1      | Guts the Human Gladiator began the quest for the Orb.
     0 | D:1      | Reached XP level 1. HP: 16/16 MP: 1/1
   154 | D:1      | Reached XP level 2. HP: 13/22 MP: 2/2
   906 | D:2      | Reached skill level 4 in Long Blades
   906 | D:2      | Reached XP level 3. HP: 23/27 MP: 3/3
  1433 | D:3      | Reached XP level 4. HP: 29/33 MP: 4/4
  1557 | D:3      | Reached skill level 5 in Long Blades
  1575 | D:3      | Noticed a sky beast
  1592 | D:3      | Slain by a sky beast

Vault maps used:
D:1:      scummos_arrival_forest
D:2:      serial_glass, glass_columns_a, glass_columns_a, glass_columns_a,
          glass_columns_a

Skill      XL: |  1  2  3  4 |
---------------+-------------+-----
Long Blades    | 4 5 |  5.0
Fighting       | |  2.0
Throwing       | |  2.0
Dodging        | |  3.0

Action                   |  1- 3 |  4- 6 || total
-------------------------+-------+-------++-------
Melee: Long sword        |   118 |    60 ||   178
Throw: Javelin           |       |     4 ||     4
  Use: Scroll            |     7 |       ||     7
  Eat: Chunk             |     2 |     1 ||     3
Armor: Leather armour    |     6 |       ||     6
       Ring mail         |    19 |       ||    19
       Scale mail        |    21 |    24 ||    45
Dodge: Dodged            |    82 |    32 ||   114
       Rpst.: Long sword |    27 |    10 ||    37
